 Dungeon Crawl Stone Soup version 0.32-a0-768-g0f6f1dd4b9 (webtiles) character file.

Game seed: 11213904856324990118

3440 lunkers the Fighter (level 10, 0/80 HPs)
             Began as a Coglin Berserker on Mar 18, 2024.
             Was an Elder of Trog.
             Slain by a human
             ... wielding a +0 war axe
              (7 damage)
             ... in a bailey.
             The game lasted 00:09:29 (7250 turns).

lunkers the Fighter (Coglin Berserker)              Turns: 7250, Time: 00:09:29

Health: 0/80       AC:  5    Str: 21    XL:     10   Next: 5%
Magic:  10/10      EV: 11    Int:  6    God:    Trog [****..]
Gold:   382        SH:  0    Dex: 15    Spells: 9/9 levels left

rFire   . . .        q - +1 short sword (elec) {Charoen}
rCold   . . .        h - +2 dagger (venom) {Jacinta}
rNeg    . . .        j - +0 ring mail
rPois   .            (no helmet)
rElec   .            (no cloak)
rCorr   .            (no gloves)
SInv    .            (no boots)
Will    ++...        (amulet unavailable)
Stlth   +            (ring unavailable)
HPRegen 1.33/turn    (ring unavailable)
MPRegen 0.12/turn    (no gizmo)

%: no passive effects
@: strong-willed, on berserk cooldown, regenerating, slowed, revved, very slow
A: off-hand wielding, slow wielding, warmup strikes, no jewellery
a: Invent Gizmo, Renounce Religion, Berserk, Trog's Hand, Brothers in Arms


You were in a bailey.
You worshipped Trog.
Trog was greatly pleased with you.
You visited 1 branch of the dungeon, and saw 8 of its levels.
You also visited: Bailey.

You collected 382 gold pieces.

Inventory:

Hand Weapons
 h - a +2 dagger of venom (offhand) {Jacinta}
 i - a +2 falchion of holy wrath
 q - a +1 short sword of electrocution (weapon) {Charoen}
 v - a +4 dagger of chaos {Narong}
Armour
 j - a +0 ring mail (worn)
Wands
 b - a wand of mindburst (10)
Scrolls
 c - a scroll of fear
 m - a scroll of fog
 n - 4 scrolls of teleportation
 p - a scroll of noise
Potions
 a - 2 potions of lignification
 d - 2 potions of enlightenment
 e - 4 potions of curing
 f - 2 potions of might {unknown}
 g - a potion of attraction
 k - 2 potions of mutation
 o - 2 potions of heal wounds {unknown}
 r - a potion of brilliance {unknown}
 s - 2 potions of haste {unknown}
 t - a potion of ambrosia {unknown}


   Skills:
 + Level 8.2 Fighting
 - Level 8.0 Short Blades
 - Level 3.9 Polearms
 + Level 4.0 Armour
 + Level 4.0 Dodging
 + Level 5.1 Evocations


You had 9 spell levels left.
You didn't know any spells.
Your spell library was empty.

Dungeon Overview and Level Annotations

Branches:
Dungeon (8/15)             Temple (0/1) D:7          Bailey (1/1)
   Lair: D:8-11

Altars:
Elyvilon
Fedhas
Kikubaaqudgha
Uskayaw
Wu Jian
Zin

Shops:
D:7 *

Annotations:
D:5 2 transporters


Innate Abilities, Weirdness & Mutations

You can wield a second weapon in your off-hand.
It takes a long time for you to wield or remove held weapons.
Your first few attacks do less damage.
You cannot equip rings or amulets.


Message History

You barely miss the human with your +1 short sword of electrocution.
The human closely misses you. The human barely misses you.
The human misses you.
Unknown command.
You barely miss the human with your +2 dagger of venom.
The human is moderately wounded.
You hit the human with your +1 short sword of electrocution.
Lightning courses through the human!
Unknown command.
You closely miss the human with your +2 dagger of venom.
The human is severely wounded.
You hit the human with your +1 short sword of electrocution.
Unknown command.
You puncture the human with your +1 short sword of electrocution!
You kill the human!
Trog accepts your kill. The human hits you with a +0 war axe!
* * * LOW HITPOINT WARNING * * *
The human barely misses you.
Your Armour skill increases to level 4!
Your Dodging skill increases to level 4!
Your Evocations skill increases to level 5!
You miss the human with your +2 dagger of venom.
You miss the human with your +1 short sword of electrocution.
Unknown command.
You hit the human with your +1 short sword of electrocution.
The human is lightly wounded.
You hit the human with your +2 dagger of venom.
You are no longer berserk.
You are exhausted.
You feel yourself slow down. The human hits you with a +0 war axe.
* * * LOW HITPOINT WARNING * * *
The human barely misses you.
You hit the human but do no damage.
The human is lightly wounded.
You hit the human with your +2 dagger of venom.
Your skin crawls.
You feel strong-willed. The human hits you with a +0 war axe!
You die...

#####
##...##
#.....#
#.∩.∩.#
#.....#
##)p.####
#@#'#~~##
#.gp)#†~~~~#
##...#~~~~~#
#...#~~~~~#
#...##~~~##
#..####+##
#.. ###


You could see 2 humans and a goblin.

Vanquished Creatures
  Psyche (D:8)
  3 humans (Bailey)
  3 water moccasins
  5 ice beasts
  A black bear (D:4)
  3 ogres
  A centaur (D:8)
  A phantom (D:7)
  An elf zombie (D:4)
  A kobold brigand (D:6)
  7 bullfrogs
  A scorpion (D:7)
  2 bombardier beetles
  3 hounds
  2 human zombies (D:4)
  A jelly (D:5)
  5 orc priests
  2 iguanas
  4 orc wizards
  2 human skeletons (D:4)
  11 adders
  4 gnolls (D:4)
  A shadow imp (D:7)
  4 white imps
  4 dart slugs
  A ribbon worm (D:2)
  27 orcs
  6 bats
  5 endoplasms
  3 giant cockroaches
  11 goblins
  7 hobgoblins
  2 jackals (D:2)
  12 kobolds
  4 quokkas
  9 ball pythons
  3 frilled lizards (D:3)
  An orc skeleton (D:4)
  4 rats
168 creatures vanquished.

Notes
Turn   | Place    | Note
-------+----------+-------------------------------------------
     0 | D:1      | lunkers the Coglin Berserker began the quest for the Orb.
     0 | D:1      | Reached XP level 1. HP: 18/18 MP: 1/1
   259 | D:1      | Reached XP level 2. HP: 24/24 MP: 2/2
   597 | D:1      | Reached XP level 3. HP: 27/29 MP: 3/3
   806 | D:1      | Found a faded altar of an unknown god.
  1185 | D:2      | Reached skill level 1 in Short Blades
  1189 | D:2      | Reached ** piety under Trog
  1394 | D:2      | Reached XP level 4. HP: 23/35 MP: 4/4
  1974 | D:3      | Found an ancient bone altar of Kikubaaqudgha.
  2243 | D:3      | Found a blossoming altar of Fedhas.
  2254 | D:3      | Reached XP level 5. HP: 41/41 MP: 5/5
  2867 | D:4      | Noticed a black bear
  2874 | D:4      | Killed a black bear
  2875 | D:4      | Reached XP level 6. HP: 47/47 MP: 6/6
  3292 | D:4      | Reached skill level 5 in Short Blades
  3460 | D:4      | Reached XP level 7. HP: 46/52 MP: 7/7
  3588 | D:4      | Reached *** piety under Trog
  3832 | D:5      | Entered Level 5 of the Dungeon
  4234 | D:5      | Found a transporter.
  4234 | D:5      | Found a white marble altar of Elyvilon.
  4314 | D:5      | Found a transporter.
  4377 | D:5      | Reached XP level 8. HP: 57/58 MP: 8/8
  4988 | D:6      | Found a hide-covered altar of Uskayaw.
  5004 | D:6      | Found an ornate altar of the Wu Jian Council.
  5089 | D:6      | Found a glowing silver altar of Zin.
  5382 | D:6      | Identified the +0 robe "Wuetzow" {rC+}
  5487 | D:6      | Reached skill level 5 in Fighting
  5833 | D:7      | Reached XP level 9. HP: 59/71 MP: 9/9
  6016 | D:7      | Reached skill level 1 in Evocations
  6207 | D:7      | Found Yllukk's Serpentskin Sales.
  6732 | D:7      | Found a staircase to the Ecumenical Temple.
  6850 | D:8      | Noticed Psyche
  6856 | D:8      | Reached **** piety under Trog
  6863 | D:8      | Killed Psyche
  7133 | D:8      | Found a flagged portal.
  7154 | Bailey   | Entered a bailey
  7242 | Bailey   | Reached XP level 10. HP: 24/80 MP: 10/10
  7247 | Bailey   | Reached skill level 5 in Evocations
  7250 | Bailey   | Slain by a human

Illustrated notes

Levels and vault maps discovered:
D:1:      dpeg_arrival_subterranean_lakeside_camping, layout_basic,
          shapermc_ecumenical_altar_mp_highgroup
D:2:      layout_basic
D:3:      layout_loops_ring, fedhas_altar_2, overflow_temple_1_default,
          serial_rivers, chequers_serial_rivers_marsh,
          chequers_serial_rivers_small_b, chequers_serial_rivers_small_b,
          chequers_serial_rivers_room_a, chequers_serial_rivers_room_a,
          minmay_misc_feat_hallway, minmay_misc_feat_diagonals, st_stairs_13
D:4:      layout_loops_ring, nicolae_ossuary_entry_catacombs, grunt_decor_cap
D:5:      layout_loops_ring, elyvilon_altar_4, hex_tiny
D:6:      layout_rooms, chequers_temple_overflow_statue_of_worship,
          nicolae_zen_rock_garden, st_stairs_2
D:7:      layout_basic, minmay_temple_entry_poolview, grunt_ministairs_8,
          guppyfry_shop_venom
D:8:      layout_rooms, kennysheep_mini_moat, evilmike_ruin_ashenzari,
          lemuel_coloured_pillars_altar, enter_bailey_5, uniq_psyche
Bailey:   bailey_axe_froggy_fort_hellmonk, bailey

Skill      XL: |  1  2  3  4  5  6  7  8  9 10 |
---------------+-------------------------------+-----
Polearms       | 3 |  3.9
Short Blades   | 1 2 4 5 7 8 |  8.0
Fighting       | 6 8 |  8.2
Armour         | 3 4 |  4.0
Dodging        | 3 4 |  4.0
Evocations     | 4 5 |  5.1

Action                     |  1- 3 |  4- 6 |  7- 9 | 10-12 || total
---------------------------+-------+-------+-------+-------++-------
  Melee: Spear             |    71 |       |       |       ||    71
         Dagger            |   100 |   140 |   284 |     7 ||   531
         Short sword       |       |    98 |   301 |     8 ||   407
 Invoke: Berserk           |       |     2 |     3 |       ||     5
         Trog's Hand       |       |       |       |     1 ||     1
    Use: Scroll            |       |     9 |     7 |       ||    16
   Stab: Sleeping          |     3 |       |       |       ||     3
         Paralysed         |       |       |     1 |       ||     1
 Armour: Animal skin       |    39 |       |       |       ||    39
         Ring mail         |     6 |    83 |   144 |     3 ||   236
  Dodge: Dodged            |    43 |    64 |    90 |     5 ||   202

Table legend: (Time is in decaauts)
 A = Elapsed time spent in this place.
 B = Non-inter-level travel time spent in this place.
 C = Inter-level travel time spent in this place.
 D = Time resting spent in this place.
 E = Time spent auto-exploring this place.
 F = Levels seen in this place.
 G = Mean time per level.
                   A        B        C        D        E       F      G
               +--------+--------+--------+--------+--------+-----+--------+
         Total |   7157 |   6947 |    210 |     31 |   5845 |   9 |  795.2 |
       Dungeon |   7078 |   6868 |    210 |     31 |   5804 |   8 |  884.8 |
        Bailey |     78 |     78 |      0 |      0 |     41 |   1 |   78.0 |
               +--------+--------+--------+--------+--------+-----+--------+

Top non-repeatable levels by time:
     D:1: 1122 daAuts
     D:7: 1086 daAuts
     D:5: 1062 daAuts
     D:4: 1042 daAuts
     D:3: 872 daAuts
     D:6: 799 daAuts
     D:2: 787 daAuts
     D:8: 304 daAuts
  Bailey: 78 daAuts
